 Dungeon Crawl Stone Soup version 0.27.1-35-g4d5d836560 (webtiles) character file.

Game seed: 12001416851911218054

105959 Delamore the Thrower (level 16, -3/109 HPs)
             Began as an Octopode Brigand on June 3, 2022.
             Was an Initiate of Gozag.
             Killed from afar by a death drake (6 damage)
             ... with a foul vapour
             ... on level 2 of the Swamp.
             The game lasted 01:01:34 (40052 turns).

Delamore the Thrower (Octopode Brigand)            Turns: 40052, Time: 01:01:34

Health: -3/109     AC: 12    Str: 11    XL:     16   Next: 42%
Magic:  33/33      EV: 28    Int: 21    God:    Gozag
Gold:   1027       SH: 10    Dex: 29    Spells: 22/25 levels left

rFire    + + +     SeeInvis +   V - +7 quick blade of the Shoals {vorpal, SInv}
rCold    + + .     Faith    .   j - +3 buckler {rC+ rF+}
rNeg     + . .     Spirit   .   c - +3 hat of Pondering {ponderous, Will+ MP+10 Int+5}
rPois    +         Reflect  .   M - amulet "Marph" {RegenMP Slay+2}
rElec    +         Harm     .   U - +4 ring of protection
rCorr    +         Rampage  .   y - ring of willpower
Will     +++..                  z - +6 ring of dexterity
Stlth    ++++++....             E - ring of protection from cold
HPRegen  0.28/turn              L - ring "Cec Fixu" {Fly rF+ rN+ Dex+5}
MPRegen  0.48/turn              P - ring "Gistrisa" {AC+4 Dex+3}
                                T - ring of resist corrosion
                                Z - ring of Qump {rElec rPois rF+++ Dex-2 SInv}

@: mighty, brilliant, lethally poisoned (-3 -> -42), flying, hasted and slowed,
slow
A: almost no armour, amphibious, 8 rings, camouflage 1, gelatinous body 1,
(nimble swimmer 1), tentacles
a: Renounce Religion, Potion Petition, Call Merchant, Bribe Branch


You were on level 2 of the Swamp.
You worshipped Gozag.
Gozag was most pleased with you.
You visited 6 branches of the dungeon, and saw 27 of its levels.
You also visited: Ossuary, Bailey, Ice Cave and Volcano.

You collected 7951 gold pieces.
You spent 4060 gold pieces at shops.
You paid 2864 gold pieces to Gozag.

Inventory:

Hand Weapons
 J - the +7 pair of quick blades "Gyre" and "Gimble" {protect}
   (You found it on level 6 of the Lair of Beasts)

   It grants its wielder temporary protection when it strikes (+7 to AC).
 V - the +7 quick blade of the Shoals (weapon) {vorpal, SInv}
   (You acquired it on level 4 of the Lair of Beasts)

   It inflicts extra damage upon your enemies.
   SInv:      It lets you see invisible.
Missiles
 a - a curare-tipped dart
 b - 35 poisoned darts
 i - 693 stones
 k - 8 boomerangs
 m - 2 throwing nets
 u - 12 javelins
 H - 4 boomerangs of dispersal
 N - 9 silver javelins (quivered)
Armour
 c - the +3 hat of Pondering (worn) {ponderous, Will+ MP+10 Int+5}
   (You took it off Gastronok on level 1 of the Lair of Beasts)

   Int:       It affects your intelligence (+5).
   MP:        It affects your magic capacity (+10).
   Will:      It increases your willpower.
 j - a +3 buckler of resistance (worn)
Jewellery
 p - a ring of fire
 s - the ring "Dirug" {rPois rC- rN+ Str+5}
   (You found it on level 13 of the Dungeon)

   [ring of poison resistance]

   Str:       It affects your strength (+5).
   rC:        It makes you vulnerable to cold.
   rPois:     It protects you from poison.
   rN:        It protects you from negative energy.
 x - a ring of flight
 y - a ring of willpower (right tentacle)
 z - a +6 ring of dexterity (on tentacle)
 E - a ring of protection from cold (on tentacle)
 L - the ring "Cec Fixu" (on tentacle) {Fly rF+ rN+ Dex+5}
   (You bought it in a shop on level 8 of the Dungeon)

   [ring of positive energy]

   Dex:       It affects your dexterity (+5).
   rF:        It protects you from fire.
   rN:        It protects you from negative energy.
   Fly:       It grants you flight.
 M - the amulet "Marph" (around mantle) {RegenMP Slay+2}
   (You bought it in a shop on level 11 of the Dungeon)

   [amulet of magic regeneration]

   It increases your rate of magic regeneration.
   Slay:      It affects your accuracy & damage with ranged weapons and melee
   (+2).
 P - the ring "Gistrisa" (on tentacle) {AC+4 Dex+3}
   (You bought it in a shop on level 11 of the Dungeon)

   [ring of protection]

   AC:        It affects your AC (+4).
   Dex:       It affects your dexterity (+3).
 S - a ring of positive energy
 T - a ring of resist corrosion (on tentacle)
 U - a +4 ring of protection (left tentacle)
 Z - the ring of Qump (on tentacle) {rElec rPois rF+++ Dex-2 SInv}
   (You bought it in a shop on level 11 of the Dungeon)

   [ring of poison resistance]

   Dex:       It affects your dexterity (-2).
   rF:        It renders you almost immune to fire.
   rElec:     It insulates you from electricity.
   rPois:     It protects you from poison.
   SInv:      It lets you see invisible.
Wands
 n - a wand of mindburst (6)
 o - a wand of charming (11)
 w - a wand of iceblast (20)
 I - a wand of flame (94)
 X - a wand of paralysis (30)
Scrolls
 d - 8 scrolls of enchant armour
 e - 8 scrolls of amnesia
 q - a scroll of silence
 r - 4 scrolls of fog
 v - 17 scrolls of teleportation
 B - 5 scrolls of identify
 D - 3 scrolls of blinking
 F - 3 scrolls of immolation
 K - 4 scrolls of magic mapping
 Y - a scroll of brand weapon
Potions
 f - 8 potions of haste
 g - 4 potions of invisibility
 h - 4 potions of curing
 l - 5 potions of might
 t - 5 potions of mutation
 A - 5 potions of lignification
 C - 2 potions of resistance
 G - 2 potions of cancellation
 O - 5 potions of brilliance
 Q - 5 potions of heal wounds
 R - 2 potions of magic
 W - 2 potions of berserk rage


   Skills:
 - Level 10.0 Fighting
 + Level 12.0 Short Blades
 + Level 14.0 Throwing
 + Level 14.0 Dodging
 - Level 10.0 Stealth
 - Level 4.0 Shields
 - Level 5.0 Spellcasting
 * Level 7.3 Hexes
 - Level 10.0 Evocations


You had 22 spell levels left.
You knew the following spells:

 Your Spells              Type           Power      Damage    Failure   Level
a - Dazzling Flash        Conj/Hex       60%        N/A       8%          3

Your spell library contained the following spells:

 Spells                   Type           Power      Damage    Failure   Level
 Slow                     Hex            52%        N/A       1%          2
 Confusing Touch          Hex            52%        N/A       1%          3
 Portal Projectile        Hex/Tloc       60%        N/A       8%          3
 Freeze                   Ice            28%        1d5       11%         1
 Magic Dart               Conj           28%        1d4       11%         1
 Sandblast                Erth           14%        2d6       11%         1
 Call Imp                 Summ           7%         N/A       16%         2
 Corpse Rot               Necr/Air       N/A        N/A       16%         2
 Passwall                 Tmut/Erth      5%         N/A       16%         2
 Poisonous Vapours        Pois/Air       14%        N/A       16%         2
 Sublimation of Blood     Necr           3%         N/A       16%         2
 Fulminant Prism          Conj/Hex       15%        3d11      24%         4
 Leda's Liquefaction      Hex/Erth       15%        N/A       24%         4
 Call Canine Familiar     Summ           7%         N/A       32%         3
 Frozen Ramparts          Ice            14%        1d3       32%         3
 Mephitic Cloud           Conj/Pois/Air  7%         N/A       32%         3
 Ozocubu's Armour         Ice            7%         N/A       32%         3
 Swiftness                Air            7%         N/A       32%         3
 Summon Mana Viper        Hex/Summ       30%        N/A       56%         5
 Yara's Violent Unravell  Hex/Tmut       15%        3d8       56%         5
 Invisibility             Hex            26%        N/A       63%         6
 Dispel Undead            Necr           7%         3d8       71%         4
 Hailstorm                Conj/Ice       7%         3d4       71%         4
 Ice Form                 Ice/Tmut       7%         N/A       71%         4
 Iskenderun's Mystic Bla  Conj/Tloc      7%         2d4       71%         4
 Petrify                  Tmut/Erth      7%         N/A       71%         4
 Summon Ice Beast         Ice/Summ       7%         N/A       71%         4
 Bolt of Magma            Conj/Fire/Erth 3%         4d5       96%         5
 Freezing Cloud           Conj/Ice/Air   3%         6-21      96%         5
 Irradiate                Conj/Tmut      3%         3d14      96%         5
 Lee's Rapid Deconstruct  Erth           3%         3d6*      96%         5
 Summon Forest            Summ/Tloc      3%         N/A       96%         5
 Death Channel            Necr           3%         N/A       100%        6
 Eringya's Noxious Bog    Tmut/Pois      3%         N/A       100%        6
 Starburst                Conj/Fire      3%         6d3       100%        6
 Statue Form              Tmut/Erth      4%         N/A       100%        6
 Monstrous Menagerie      Summ           3%         N/A       100%        7
 Ozocubu's Refrigeration  Ice            3%         4d5       100%        7
 Summon Hydra             Summ           3%         N/A       100%        7


Dungeon Overview and Level Annotations

Branches:
Dungeon (15/15)            Temple (1/1) D:4            Lair (6/6) D:9
  Swamp (2/4) Lair:3        Snake (0/4) Lair:4        Slime (0/5) Lair:5
    Orc (2/2) D:11            Elf (0/3) Orc:2        Vaults (0/5) D:14
 Depths (1/5) D:15        Ossuary (visited)          Bailey (visited)
  IceCv (visited)         Volcano (visited)

Altars:
Ashenzari
Cheibriados
Dithmenos
Elyvilon
Fedhas
Gozag
Hepliaklqana
Kikubaaqudgha
Makhleb
Nemelex Xobeh
Okawaru
Qazlal
Ru
Sif Muna
Trog
Uskayaw
Vehumet
Wu Jian
Xom
Yredelemnul
Zin
The Shining One
Jiyva

Shops:
D:1 *[([?   D:8 =   D:9 (   D:11 *=   D:12 =   D:14 !   D:15 ?   Orc:2 *![(

Portals:
Ziggurat: Depths:1

Annotations:
Lair:1 2 transporters, Delamore's ghost, journeyman OpBr


Innate Abilities, Weirdness & Mutations

You cannot wear most types of armour.
You are amphibious.
You can wear up to eight rings at the same time.
Your skin changes colour to match your surroundings (Stealth+).
Your rubbery body absorbs attacks. (AC +1, EV +1)
((You are camouflaged near water. (Stealth+)))
You have tentacles for arms and can constrict up to eight enemies at once.


Message History

You are engulfed in dark miasma.
You are more poisoned.
You feel very sick.
Unknown command.
Throw: 11 javelins (silver)
Press: ? - help, Q - select action, (/) - cycle Shift-Dir - straight line, f/p - death drake
Aim: a death drake (foul pestilence, almost dead, catching its breath, 67% to hit)
You throw a silver javelin.
The silver javelin barely misses the death drake.
You are engulfed in dark miasma.
You are lethally poisoned!
* * * LOW HITPOINT WARNING * * *
You feel extremely sick.
The death drake completely misses you. x2
Throw: 10 javelins (silver)
Press: ? - help, Q - select action, (/) - cycle Shift-Dir - straight line, f/p - death drake
Aim: a death drake (foul pestilence, almost dead, catching its breath, 67% to hit)
You throw a silver javelin.
The silver javelin barely misses the death drake.
You are engulfed in dark miasma.
You feel as though you will be slow longer.
* * * LOW HITPOINT WARNING * * *
x2 You feel extremely sick.
The death drake barely misses you. You block the death drake's attack.
Okay, then. [a] - 406 gold - haste and brilliance [b] - 483 gold - might, brilliance, haste and heal wounds [c] - 297 gold - curing and magic Purchase which effect?
You no longer have enough gold to fund merchants seeking to open stores in the dungeon.
You feel very mighty all of a sudden.
You feel clever all of a sudden.
You feel yourself speed up.
You feel much better.
You are engulfed in dark miasma.
You are more poisoned.
* * * LOW HITPOINT WARNING * * *
x2 You feel extremely sick.
The death drake completely misses you. The death drake breathes miasma at you.
The foul vapour engulfs you.
You die...
Your body crumbles into a pile of gold.

♣..♣♣♣..♣ ♣...
♣.. ♣($♣ ♣≈.♣♣
♣..♣♣♣..♣ ♣≈≈.♣
.♣♣..$♣♣...♣♣≈≈.≈
♣♣# ##≈♣♣
♣♣♣♣♣≈.≈. ♣○♣
♣#.# #§≈≈≈
♣○♣#.#.# #≈≈≈≈
♣♣..#8#.. #.≈≈≈
♣@♣#○#:#♣.♣ ♣≈...
♣k♣♣ #○#♣ .♣
♣...≈ ♣# ≈# ♣
#≈.≈≈ ♣ ♣≈≈≈≈
♣≈..≈ ♣.≈≈≈ ♣≈≈≈≈
$ ♣≈.≈≈ ♣≈≈.≈


You could see a death drake (catching breath).

Vanquished Creatures
  Gastronok (Lair:1)
  A thorn hunter (Swamp:2)
  An orc warlord (Orc:2)
  A very ugly thing (IceCv)
  2 ghouls (Swamp:2)
  2 bunyips (Swamp:1)
  2 eleionomae (Swamp:1)
  9 hydras
  A ghost crab (Swamp:2)
  2 catoblepae
  3 two-headed ogres
  A tengu warrior (D:13)
  A deep troll shaman (Lair:6)
  2 alligators (Swamp:2)
  5 centaur warriors
  4 death yaks (Lair:6)
  A deep troll earth mage (D:12)
  3 orc high priests (Orc:2)
  A storm dragon zombie (D:15)
  Urug (D:11)
  A fire crab (Lair:3)
  Sonja (Lair:6)
  7 skeletal warriors (D:15)
  A fire crab (shapeshifter) (D:12)
  A goliath frog (Swamp:2)
  A wizard (D:12)
  An orange crystal statue (IceCv)
  A tengu zombie (D:15)
  7 orc knights
  2 necromancers (D:15)
  5 bog bodies
  3 deep elf pyromancers
  A phantasmal warrior (D:15)
  12 ugly things (D:15)
  2 oklob plants (Lair:1)
  8 orc sorcerers
  2 cyclopes
  A will-o-the-wisp (Swamp:2)
  8 elephants (Lair:6)
  4 manticores
  An iron dragon skeleton (D:15)
  3 black mambas
  4 gargoyles
  7 cane toads
  Maggie (Lair:1)
  2 centaur skeletons (D:15)
  6 rime drakes
  2 anaconda simulacra (IceCv)
  2 freezing wraiths (IceCv)
  5 komodo dragons
  A kobold demonologist (D:12)
  An efreet (Volcano)
  2 tengu conjurers (D:13)
  3 meliai (D:13)
  10 trolls
  A harpy zombie (D:15)
  4 polar bears
  A bloated husk (Swamp:1)
  3 hornets
  Prince Ribbit (D:7)
  7 tyrant leeches
  5 dream sheep (Lair:5)
  10 slime creatures
  15 blink frogs
  3 shadows
  A deep troll skeleton (D:15)
  A centaur simulacrum (D:14)
  3 wraiths
  9 yaks
  4 basilisks
  A water elemental (D:15)
  3 wyverns
  A dire elephant simulacrum (IceCv)
  A fire elemental (Volcano)
  2 steam dragons
  3 vampire mosquitoes
  2 nagas (Lair:4)
  A warg (Orc:2)
  9 swamp worms
  4 acid dragons
  A harpy simulacrum (IceCv)
  2 hell hounds (Lair:1)
  10 water moccasins
  36 orc warriors
  2 swamp drakes
  Purgy (D:3)
  7 black bears
  2 ice beasts (D:6)
  2 necrophages
  6 ogres
  4 boggarts (D:14)
  13 centaurs
  16 wolves
  2 phantoms
  10 bullfrogs
  A scorpion (D:7)
  2 elf zombies (Ossuary)
  3 gnoll sergeants
  A water moccasin skeleton (D:6)
  4 lindwurm simulacra (IceCv)
  2 troll zombies (Swamp:1)
  5 killer bees
  2 electric eels
  2 troll skeletons (Swamp:1)
  A vampire bat (D:11)
  12 wights
  A howler monkey (D:9)
  A bullfrog zombie (D:5)
  3 centaur zombies (Ossuary)
  A bullfrog skeleton (D:6)
  4 hounds
  3 gnoll shamans
  A jelly (D:6)
  23 orc priests
  Jessica (D:2)
  3 iguanas
  27 orc wizards
  Natasha (twice) (D:2)
  A hound skeleton (D:4)
  2 mummies (Ossuary)
  Robin (D:2)
  30 gnolls
  6 adders
  2 shadow imps
  2 white imps
  An ufetubus (D:5)
  2 adder zombies (Ossuary)
  3 worms
  2 dart slugs
  88 orcs
  11 ball pythons
  A bat skeleton (D:11)
  4 bat zombies (D:11)
  4 endoplasms (D:3)
  4 giant cockroaches
  14 goblins
  10 hobgoblins
  7 jackals
  5 kobolds
  5 quokkas
  5 bats
  3 frilled lizards (D:2)
  8 hobgoblin zombies (Ossuary)
  A jackal zombie (Ossuary)
  6 kobold zombies (Ossuary)
  12 orc zombies (Ossuary)
  3 rats
  2 rat zombies (Ossuary)
722 creatures vanquished.

Vanquished Creatures (collateral kills)
  A very ugly thing (IceCv)
1 creature vanquished.

Vanquished Creatures (others)
  2 dancing weapons
  A bloated husk (Swamp:2)
  2 orc wizards
  41 fungi
  41 plants
  3 toadstools (D:5)
  8 withered plants (D:15)
98 creatures vanquished.

Grand Total: 821 creatures vanquished

Notes
Turn   | Place    | Note
-------+----------+-------------------------------------------
     0 | D:1      | Delamore the Octopode Brigand began the quest for the Orb.
     0 | D:1      | Reached XP level 1. HP: 14/14 MP: 1/1
    32 | D:1      | Found a faded altar of an unknown god.
   108 | D:1      | Found Faotzaod's Magic Scroll Shop.
   133 | D:1      | Bought a scroll of identify for 24 gold pieces
   148 | D:1      | Found Runaq's Antique Armour Shop.
   176 | D:1      | Reached XP level 2. HP: 13/19 MP: 2/2
   566 | D:1      | Found Eshrim's Antique Armour Emporium.
   770 | D:1      | Found Etob's General Store.
   918 | D:1      | Found Doowufem's Antique Weapon Emporium.
  1010 | D:2      | Reached XP level 3. HP: 19/24 MP: 3/3
  1211 | D:2      | Noticed Robin
  1218 | D:2      | Killed Robin
  1237 | D:2      | Reached XP level 4. HP: 11/29 MP: 4/4
  1498 | D:2      | You fall into a shaft and drop 1 floor!
  1651 | D:3      | Noticed Purgy
  1662 | D:3      | Killed Purgy
  1663 | D:3      | Reached XP level 5. HP: 33/34 MP: 5/5
  1973 | D:3      | Reached skill level 5 in Short Blades
  1973 | D:3      | Reached XP level 6. HP: 39/39 MP: 6/6
  2343 | D:2      | Noticed Natasha
  2356 | D:2      | Killed Natasha
  2508 | D:2      | Noticed Natasha
  2529 | D:2      | Noticed Jessica
  2554 | D:2      | Killed Natasha
  2569 | D:2      | Killed Jessica
  2901 | D:1      | Bought a scroll of fear for 42 gold pieces
  2901 | D:1      | Bought a scroll of noise for 12 gold pieces
  2901 | D:1      | Bought a scroll of fog for 24 gold pieces
  2918 | D:3      | Reached XP level 7. HP: 45/45 MP: 7/7
  3385 | D:4      | Found a staircase to the Ecumenical Temple.
  3409 | Temple   | Entered the Ecumenical Temple
  3511 | D:4      | Reached skill level 1 in Shields
  3882 | D:4      | Reached skill level 5 in Throwing
  4112 | Temple   | Became a worshipper of Gozag Ym Sagoz the Greedy
  4419 | D:5      | Entered Level 5 of the Dungeon
  4515 | D:5      | Reached XP level 8. HP: 50/50 MP: 8/8
  5729 | D:6      | Noticed a shadow
  5751 | D:6      | Killed a shadow
  6031 | D:6      | Reached XP level 9. HP: 47/54 MP: 9/9
  6697 | D:6      | Reached skill level 10 in Short Blades
  8044 | D:7      | Noticed Prince Ribbit
  8060 | D:7      | Killed Prince Ribbit
  8280 | D:7      | Found a burning altar of Makhleb.
  8854 | D:7      | Noticed a troll
  8858 | D:7      | Killed a troll
  8875 | D:7      | Reached skill level 5 in Fighting
  8875 | D:7      | Reached XP level 10. HP: 66/66 MP: 10/10
  9286 | D:8      | Reached skill level 5 in Dodging
  9328 | D:8      | Found a sand-covered staircase.
  9333 | Ossuary  | Entered an ossuary
 10977 | D:9      | Noticed a two-headed ogre
 10992 | D:9      | Killed a two-headed ogre
 11076 | D:9      | Found a staircase to the Lair.
 11085 | D:9      | Noticed a two-headed ogre
 11495 | D:9      | Killed a two-headed ogre
 11496 | D:9      | Reached XP level 11. HP: 71/71 MP: 11/11
 11814 | D:9      | Found Nothem's Antique Weapon Shoppe.
 12250 | D:8      | Bought the ring "Cec Fixu" {Fly rF+ rN+ Dex+5} for 559 gold
                  | pieces
 12269 | D:10     | Entered Level 10 of the Dungeon
 12269 | D:10     | Found a flagged portal.
 12327 | Bailey   | Entered a bailey
 12556 | Bailey   | Reached skill level 1 in Evocations
 12806 | Bailey   | Noticed an orc knight
 12808 | Bailey   | Killed an orc knight
 12839 | Bailey   | Reached skill level 10 in Dodging
 13380 | D:10     | Paralysed by a hornet for 2 turns
 14954 | D:11     | Found a staircase to the Orcish Mines.
 15525 | D:11     | Found an ancient bone altar of Kikubaaqudgha.
 15613 | D:11     | Found Osiceps's Jewellery Shoppe.
 15644 | D:11     | Noticed Urug
 15646 | D:11     | Killed Urug
 15647 | D:11     | Reached skill level 5 in Evocations
 16146 | D:11     | Noticed a two-headed ogre
 16155 | D:11     | Killed a two-headed ogre
 16393 | D:11     | Bought the ring "Gistrisa" {AC+4 Dex+3} for 788 gold pieces
 16474 | Lair:1   | Entered Level 1 of the Lair of Beasts
 16474 | Lair:1   | Noticed Maggie
 16477 | Lair:1   | Killed Maggie
 16532 | Lair:1   | Noticed Gastronok
 16551 | Lair:1   | Killed Gastronok
 16552 | Lair:1   | Reached XP level 12. HP: 56/78 MP: 12/12
 16737 | Lair:1   | Reached skill level 10 in Throwing
 16798 | Lair:1   | Found a dark tunnel.
 16808 | Volcano  | Entered a volcano
 17040 | Lair:1   | Found a blossoming altar of Fedhas.
 17370 | Lair:1   | Found a transporter.
 17372 | Lair:1   | Found a transporter.
 17373 | Lair:1   | Noticed Delamore's ghost (journeyman OpBr)
 18984 | Lair:2   | Noticed an eight-headed hydra
 18991 | Lair:2   | Killed an eight-headed hydra
 20260 | Lair:3   | Reached skill level 10 in Stealth
 20270 | Lair:3   | Noticed a seven-headed hydra
 20273 | Lair:3   | Killed a seven-headed hydra
 20481 | Lair:3   | Found a staircase to the Swamp.
 20493 | Lair:3   | Reached XP level 13. HP: 88/88 MP: 13/13
 21229 | Lair:4   | Found a staircase to the Snake Pit.
 22531 | Lair:4   | Identified a scroll of acquirement
 22532 | Lair:4   | Acquired the +7 quick blade of the Shoals {vorpal, SInv}
 22976 | Lair:5   | Reached skill level 10 in Evocations
 23007 | Lair:5   | Found a staircase to the Slime Pits.
 23008 | Lair:5   | Found a viscous altar of Jiyva.
 23028 | Lair:5   | Reached skill level 10 in Fighting
 23058 | Lair:5   | Reached skill level 1 in Spellcasting
 24316 | D:11     | Bought the ring of Qump {rElec rPois rF+++ Dex-2 SInv} for
                  | 1104 gold pieces
 24523 | Lair:6   | Entered Level 6 of the Lair of Beasts
 25152 | Lair:6   | Noticed Sonja
 25156 | Lair:6   | Killed Sonja
 25669 | Lair:6   | Reached XP level 14. HP: 43/99 MP: 20/20
 26366 | Lair:6   | Reached skill level 5 in Spellcasting
 26583 | Lair:6   | Found the +7 pair of quick blades "Gyre" and "Gimble"
                  | {protect}
 26589 | Lair:6   | Identified the +7 quarterstaff of Uwkud {spect, Str+5 Int-5
                  | SInv}
 27263 | Orc:1    | Entered Level 1 of the Orcish Mines
 27876 | Orc:2    | Entered Level 2 of the Orcish Mines
 27876 | Orc:2    | Noticed an orc warlord
 27876 | Orc:2    | Found a staircase to the Elven Halls.
 28482 | Orc:2    | Killed an orc warlord
 29347 | Orc:2    | Found Jiosikh's Assorted Antiques.
 29347 | Orc:2    | Found Giepp's Antique Weapon Emporium.
 29354 | Orc:2    | Found Wuiwac's Armour Emporium.
 29354 | Orc:2    | Found Addyrph's Distillery.
 29366 | Orc:2    | Bought a potion of might for 56 gold pieces
 29370 | Orc:2    | Bought a wand of mindburst (8) for 100 gold pieces
 29370 | Orc:2    | Bought a lead wand for 100 gold pieces
 30167 | Orc:2    | Bought a potion of heal wounds for 125 gold pieces
 30167 | Orc:2    | Bought 2 yellow potions for 45 gold pieces
 30169 | Orc:2    | Bought a potion of might for 56 gold pieces
 30169 | Orc:2    | Bought a potion of haste for 140 gold pieces
 30169 | Orc:2    | Bought a potion of heal wounds for 70 gold pieces
 30169 | Orc:2    | Bought a potion of curing for 42 gold pieces
 30265 | D:11     | Bought a glowing buckler for 225 gold pieces
 30265 | D:11     | Bought a twitching garnet amulet for 150 gold pieces
 30265 | D:11     | Identified the amulet "Marph" {RegenMP Slay+2} (You bought
                  | it in a shop on level 11 of the Dungeon)
 30265 | D:11     | Bought a scroll of identify for 60 gold pieces
 30265 | D:11     | Bought 2 orange potions for 54 gold pieces
 30626 | D:12     | Found Qinkayc's Jewellery Shop.
 32101 | D:13     | Found a shadowy altar of Dithmenos.
 32112 | D:13     | Identified the ring "Dirug" {rPois rC- rN+ Str+5}
 32312 | D:13     | Reached XP level 15. HP: 102/103 MP: 22/22
 32316 | D:13     | Learned a level 3 spell: Dazzling Flash
 32689 | D:13     | Reached skill level 1 in Hexes
 33593 | D:14     | Found Qitwecih's Distillery.
 33668 | D:14     | Found a frozen archway.
 33705 | IceCv    | Entered an ice cave
 33706 | IceCv    | Found a transporter.
 34040 | IceCv    | Found a transporter.
 34323 | D:15     | Entered Level 15 of the Dungeon
 35061 | D:15     | Found a staircase to the Depths.
 35619 | D:14     | Found a gate to the Vaults.
 36497 | D:15     | Reached skill level 5 in Hexes
 37227 | D:15     | Found Noapurr's Magic Scroll Emporium.
 37518 | D:15     | Bought a scroll of silence for 142 gold pieces
 37518 | D:15     | Bought a scroll of blinking for 142 gold pieces
 37701 | Depths:1 | Entered Level 1 of the Depths
 37701 | Depths:1 | Noticed an angel
 37701 | Depths:1 | Found a gateway to a ziggurat.
 38212 | Swamp:1  | Entered Level 1 of the Swamp
 38415 | Swamp:1  | Reached XP level 16. HP: 102/109 MP: 23/23
 39970 | Swamp:2  | Noticed a thorn hunter
 39984 | Swamp:2  | Killed a thorn hunter
 40051 | Swamp:2  | HP: 2/109 [poisoned by a death drake (dark miasma)]
 40052 | Swamp:2  | Killed from afar by a death drake

Illustrated notes

Levels and vault maps discovered:
D:1:      minmay_arrival_plants_in_alcoves, layout_loops_ring, serial_shops,
          shop, shop, nicolae_shop_window_shopping, nicolae_shop_trees,
          shop_fountains, ebering_ecumenical_altar_rust
D:2:      layout_basic, minmay_pentomino_t4, uniq_jessica, uniq_natasha,
          uniq_robin
D:3:      layout_basic, minmay_close_crescents, uniq_purgy
D:4:      layout_gridville, minmay_temple_entry_trees, grunt_ministairs_5
D:5:      layout_loops_ring, minmay_gold_behind_fungi, kennysheep_doodads
D:6:      layout_basic
D:7:      layout_loops_ring, bloody_makhleb, uniq_prince_ribbit1
D:8:      layout_loops_corners, enter_ossuary_5
D:9:      layout_loops_ring, erik_lair_island, serial_shops,
          nicolae_lakefront_shop
D:10:     layout_cave_pools, enter_bailey_5
D:11:     layout_roguey, david_orc_2, serial_shops, shop,
          kennysheep_vampire_church, uniq_urug
D:12:     layout_layer_cave, serial_glass, glass_columns_a, glass_columns_a,
          item_on_display_a, feat_on_display, unseen_surprise_small,
          serial_shops, nicolae_shop_stone, wad_dig_loot
D:13:     layout_irregular_city, grunt_dithmenos_smoke
D:14:     layout_rooms, erik_vaults_1, serial_shops, nicolae_square_shop,
          portal_ice_cave_entry_pillars_2, minmay_misc_feat_columns
D:15:     gammafunk_depths_entry_grave, layout_irregular_city, serial_shops,
          shop, serial_park_fountain, lemuel_flame_loot_1
Temple:   grunt_wide_crystal_templ
Lair:1:   layout_regular_city, gammafunk_ghost_hive, enter_volcano_3,
          hangedman_tree_tricks, lemuel_fruit_tree, uniq_gastronok, uniq_maggie
Lair:2:   layout_loops_ring
Lair:3:   layout_hall_layers, minmay_swamp_entry_reptiles
Lair:4:   layout_regular_city, guppyfry_snake_entry_island
Lair:5:   layout_layer_cave, slime_altar_1, minmay_stone_trees_large
Lair:6:   grunt_lair_end_beastmaster, layout_concentric_octagons, uniq_sonja
Swamp:1:  layout_basic_swamp, evilmike_swamp_ruin_wall,
          cheibrodos_swamp_minitomb
Swamp:2:  nzn_winding_woodlands_small [nzn_winding_woodlands_5x15_pockets,
          nzn_winding_woodlands_center_diamonds,
          nzn_winding_woodlands_5x15_zeroes], layout_falls_marsh,
          evilmike_swamp_ruin_house_3, swamp_pool2, nicolae_swamp_drake_lake
Orc:1:    layout_caves
Orc:2:    grunt_orc_tribal_feast, layout_caves
Depths:1: layout_gridville, enter_ziggurat_c,
          nicolae_wu_jian_immortal_techniques, abyss_entry_flame_altar,
          hell_entry, tso_oasis_becter, serial_bayou_shore_b

Skill      XL: |  1  2  3  4  5  6  7  8  9 10 11 12 13 14 15 16 |
---------------+-------------------------------------------------+-----
Short Blades   | 3 4 5 6 7 8 10 11 12 | 12.0
Throwing       | 3 4 5 6 7 9 10 12 13 14 | 14.0
Shields        | 2 4 |  4.0
Fighting       | 5 8 10 | 10.0
Dodging        | 4 9 10 12 13 14 | 14.0
Evocations     | 5 8 10 | 10.0
Stealth        | 6 10 | 10.0
Spellcasting   | 4 5 |  5.0
Hexes          | 5 7 |  7.3

Action                   |  1- 3 |  4- 6 |  7- 9 | 10-12 | 13-15 | 16-18 || total
-------------------------+-------+-------+-------+-------+-------+-------++-------
Melee: Dagger            |    71 |    66 |   311 |   789 |    81 |       ||  1318
       Constrict         |    19 |    18 |    51 |   118 |   127 |     7 ||   340
       Tentacles         |    14 |    14 |    83 |   296 |   528 |    56 ||   991
       Quick blade       |       |       |       |       |  1170 |   162 ||  1332
Throw: Stone             |     2 |    30 |       |    20 |    63 |       ||   115
       Dart              |       |    15 |    11 |    32 |     2 |       ||    60
       Boomerang         |       |       |    87 |    10 |   210 |    20 ||   327
       Javelin           |       |       |     9 |    27 |    91 |     2 ||   129
       Throwing net      |       |       |       |     3 |       |       ||     3
 Cast: Dazzling Flash    |       |       |       |       |     1 |       ||     1
Invok: Call Merchant     |       |       |       |     1 |     1 |       ||     2
       Potion Petition   |       |       |       |       |     2 |     1 ||     3
Evoke: Wand              |       |       |       |    13 |    23 |       ||    36
  Use: Scroll            |     1 |     2 |     2 |    14 |    18 |       ||    37
       Potion            |     1 |       |     2 |     1 |     7 |       ||    11
 Stab: Sleeping          |     5 |    12 |    10 |    37 |    30 |    16 ||   110
       Invisible         |     6 |       |       |       |       |       ||     6
       Distracted        |       |       |     3 |     6 |    21 |     3 ||    33
       Held in net/web   |       |       |       |     1 |       |       ||     1
Armor: Skin              |    10 |     5 |    26 |    38 |    80 |     3 ||   162
Dodge: Dodged            |    41 |    27 |   106 |   398 |   472 |    52 ||  1096
Block: Buckler           |       |       |    45 |   168 |   200 |    17 ||   430
